 Dungeon Crawl Stone Soup version 0.21-a0-509-gecc5317 (webtiles) character file.

212 BingusPrime the Slasher (level 5, 0/40 HPs)
             Began as a Barachi Skald on Nov 29, 2017.
             Was an Initiate of Fedhas.
             Slain by a big kobold
             ... wielding a +0 whip
              (8 damage)
             ... on level 2 of the Dungeon.
             The game lasted 00:17:25 (2437 turns).

BingusPrime the Slasher (Barachi Skald)             Turns: 2437, Time: 00:17:25

Health: 0/40       AC:  5    Str: 13    XL:     5   Next: 90%
Magic:  4/9        EV: 13    Int: 13    God:    Fedhas [......]
Gold:   59         SH:  0    Dex: 15    Spells: 5/10 levels left

rFire    . . .     SeeInvis .   a - +0 falchion
rCold    . . .     Gourm    .   (no shield)
rNeg     . . .     Faith    .   d - +2 animal skin
rPois    .         Spirit   .   g - +0 helmet
rElec    .         Reflect  .   (no cloak)
rCorr    .         Harm     .   (no gloves)
MR       .....                  (no boots)
Stlth    ++........             (no amulet)
HPRegen  0.13/turn              j - +3 ring of dexterity
MPRegen  0.11/turn              m - ring of flight

@: singing, can't hop, slow
A: +LOS, swims, slowness 1, strong legs 1
a: Hop, Fungal Bloom, Renounce Religion, Evoke Flight


You were on level 2 of the Dungeon.
You worshipped Fedhas.
Fedhas was noncommittal.
You were very hungry.

You visited 1 branch of the dungeon, and saw 2 of its levels.

You collected 59 gold pieces.

Inventory:

Hand Weapons
 a - a +0 falchion (weapon)
Missiles
 e - 79 stones (quivered)
Armour
 b - a +0 leather armour
 d - a +2 animal skin (worn)
 g - a +0 helmet (worn)
Jewellery
 j - a +3 ring of dexterity (left hand)
 m - a ring of flight (right hand)
Scrolls
 f - 2 scrolls of identify
 o - a scroll of amnesia {unknown}
 p - a scroll of immolation {unknown}
Potions
 h - a potion of curing {unknown}
 k - a potion of degeneration {unknown}
 n - a potion of ambrosia {unknown}
Books
 c - a book of Battle

   Spells                             Type                      Level
   a - Infusion                       Charms                       1
   b - Shroud of Golubria             Charms/Translocation         2
   c - Song of Slaying                Charms                       2
   d - Spectral Weapon                Hexes/Charms                 3
   e - Regeneration                   Charms/Necromancy            3
 q - a book of Clouds

   Spells                             Type                      Level
   a - Poisonous Vapours              Poison/Air                   2
   b - Mephitic Cloud                 Conjuration/Poison/Air       3
   c - Conjure Flame                  Conjuration/Fire             3
   d - Freezing Cloud                 Conjuration/Ice/Air          6
   e - Ring of Flames                 Charms/Fire                  7
Comestibles
 i - a royal jelly
 l - a bread ration


   Skills:
 + Level 2.9 Fighting
 + Level 4.7 Long Blades
 + Level 0.1 Throwing
 + Level 2.2 Armour
 + Level 2.8 Dodging
 + Level 0.4 Stealth
 + Level 3.2 Spellcasting
 + Level 3.8 Charms
 + Level 1.2 Translocations


You had 5 spell levels left.
You knew the following spells:

 Your Spells              Type           Power        Failure   Level  Hunger
a - Infusion              Chrm           ##..         4%          1    #......
b - Shroud of Golubria    Chrm/Tloc      #.........   12%         2    ##.....
c - Song of Slaying       Chrm           ##......     7%          2    ##.....


Dungeon Overview and Level Annotations

Branches:
Dungeon (2/15)

Altars:
Ashenzari
Fedhas
Uskayaw

Annotations:
D:2 1 transporter


Innate Abilities, Weirdness & Mutations

Shadows flee at your approach. (+LOS)
You can swim through water.
You cover ground slowly.
You can hop short distances.


Message History

You are feeling very hungry.
You barely miss the gnoll.
The gnoll is almost dead.
The bullfrog misses you. The big kobold hits you with a whip.
* * * LOW HITPOINT WARNING * * *
The bullfrog completely misses you.
You riposte.
You hit the bullfrog.
The bullfrog is almost dead.
Your shroud bends the gnoll's attack away.
Your shroud bends the big kobold's attack away.
You hit the gnoll.
You kill the gnoll!
The bullfrog barely misses you. The big kobold hits you with a whip.
* * * LOW HITPOINT WARNING * * *
You hit the bullfrog.
You kill the bullfrog!
Your shroud bends the big kobold's attack away.
You hit the big kobold but do no damage.
The big kobold hits you with a whip!
You die...
Fedhas appreciates your contribution to the ecosystem.

#.##........##.###.#
#.##.###.##........#
#.##.###.#####.#####
###.#...##.## #.# #####
##.....©.....## #.# #....
#..#########..# #.# #.###
#.##8.._$$8##.# #.# #.#
#.#....$.!..#.# #.# ##.###
#.#.#...†@#.#.# #.# #..)..
#.#..#..K#).#.###.###..###
#.#........©#..........###
#.#..#...#..#.#.....##....
#.#.#..©.%#.#.##...#######
#.#.........#.###.## ###
#.##8.....8##.# #.# #..
#..#########..# #.# #.#
##.....©.....####'## #.#


You could see a big kobold.

Vanquished Creatures
  A bullfrog (D:2)
  Robin (D:2)
  5 gnolls (D:2)
  3 adders (D:2)
  4 dart slugs
  A leopard gecko (D:2)
  11 goblins
  13 hobgoblins
  4 kobolds
  A quokka (D:2)
  2 ball pythons
  3 bats
  A frilled lizard (D:2)
  5 rats
55 creatures vanquished.

Notes
Turn   | Place    | Note
-------+----------+-------------------------------------------
     0 | D:1      | BingusPrime the Barachi Skald began the quest for the Orb.
     0 | D:1      | Reached XP level 1. HP: 17/17 MP: 3/3
   421 | D:1      | Reached XP level 2. HP: 19/23 MP: 0/5
   432 | D:1      | Learned a level 2 spell: Shroud of Golubria
   857 | D:1      | You fall through a shaft!
  1047 | D:2      | Found a transporter.
  1050 | D:2      | Noticed a big kobold
  1051 | D:2      | Found a hide-covered altar of Uskayaw.
  1052 | D:2      | Noticed a bullfrog
  1061 | D:2      | Reached XP level 3. HP: 27/28 MP: 0/7
  1094 | D:2      | Reached skill level 3 in Long Blades
  1098 | D:2      | HP: 1/28 [quokka (2)]
  1330 | D:2      | Noticed Robin
  1374 | D:2      | Reached XP level 4. HP: 14/34 MP: 2/8
  1425 | D:2      | Killed Robin
  1677 | D:2      | Learned a level 2 spell: Song of Slaying
  1755 | D:2      | Reached skill level 4 in Long Blades
  1757 | D:2      | Reached skill level 1 in Translocations
  1772 | D:2      | Reached XP level 5. HP: 12/39 MP: 4/9
  2295 | D:2      | Found a shattered altar of Ashenzari.
  2302 | D:2      | Found a blossoming altar of Fedhas.
  2323 | D:2      | Became a worshipper of Fedhas Madash
  2378 | D:2      | Found a transporter.
  2437 | D:2      | Slain by a big kobold

Vault maps used:
D:1:      dpeg_arrival_rooms_b, kennysheep_pointless_box
D:2:      gammafunk_temple_overflow_arena, fedhas_altar_2, ashenzari_altar_1,
          uniq_robin

Skill      XL: |  1  2  3  4 |
---------------+-------------+-----
Long Blades    | 3 4 |  4.7
Translocations | 1 |  1.2
Spellcasting   | 3 |  3.2
Armour         | 2 |  2.2
Fighting       | |  2.9
Throwing       | |  0.1
Dodging        | |  2.8
Stealth        | |  0.4
Charms         | |  3.8

Action                   |  1- 3 |  4- 6 || total
-------------------------+-------+-------++-------
Melee: Falchion          |   100 |   107 ||   207
Throw: Stone             |       |     4 ||     4
 Cast: Infusion          |    10 |     1 ||    11
       Shroud of Golubri |     6 |    10 ||    16
       Song of Slaying   |       |     4 ||     4
 Abil: Hop               |     2 |     2 ||     4
  Use: Scroll            |     1 |     1 ||     2
       Potion            |     1 |     1 ||     2
 Stab: Sleeping          |       |     2 ||     2
  Eat: Chunk             |     2 |       ||     2
       Bread ration      |       |     1 ||     1
Armor: Leather armour    |    27 |     6 ||    33
       Animal skin       |       |    20 ||    20
Dodge: Dodged            |   100 |    98 ||   198
       Rpst.: Falchion   |    26 |    36 ||    62

Table legend:
 A = Spawn XP
 B = Non-spawn XP
 C = Spawn XP percentage of total XP
 D = Spawn monster count
 E = Non-spawn monster count
 F = Spawn count percentage of total count
 G = Total turns spent on level
                    A         B        C        D         E        F      G
               +---------+---------+-------+---------+---------+-------+---------
         Total |       0 |     304 |   0.0 |       0 |      55 |   0.0 |  2437
               +---------+---------+-------+---------+---------+-------+---------
           D:1 |       0 |      27 |   0.0 |       0 |      13 |   0.0 |   857
           D:2 |       0 |     277 |   0.0 |       0 |      42 |   0.0 |  1580
               +---------+---------+-------+---------+---------+-------+---------
